[Event "44th Chess Olympiad Open 2022"]
[Site "Chennai"]
[Date "2022.07.29"]
[Round "1.76"]
[White "Arias Santana, Mauricio"]
[Black "Jaiswal Prashant S"]
[Result "1-0"]
[WhiteElo "2318"]
[BlackElo "1683"]
[Annotator "ChessBase"]
[PlyCount "55"]
[EventDate "2022.??.??"]
[TimeControl "60"]

1. d4 Nf6 2. Nf3 e6 3. c4 d5 4. Nc3 Be7 5. cxd5 exd5 6. Bg5 h6 7. Bh4 c6 8. Qc2 Bg4 9. e3 Nbd7 10. Bd3 O-O 11. h3 Be6 12. g4 Ne8 13.
Bxe7 Qxe7 14. O-O-O b5 15. Kb1 a5 16. g5 h5 17. Ne2 g6 18.
Nf4 Qd6 19. Rc1 Ra6 20. Nh4 Ng7 21. Rhg1 Rb6 22. Rg3 Rc8 23. Nxe6 Qxe6 24. f4 c5 25. f5 Qd6 26. Rgg1 gxf5 27. g6 c4 28. gxf7+ 1-0

[Event "44th Chess Olympiad Open 2022"]
[Site "Chennai"]
[Date "2022.07.29"]
[Round "1.76"]
[White "Chaves Sanchez, Gabriel A"]
[Black "Terubea, Ronald"]
[Result "1-0"]
[WhiteElo "2125"]
[BlackElo "1742"]
[Annotator "NA RC"]
[PlyCount "45"]
[EventDate "2022.??.??"]
[TimeControl "60"]

1. e4 d5 2. exd5 Nf6 3. d4 Nxd5 4. Nf3 Bg4 5. Be2 e6 6. O-O Nc6 7. c4 Nb6 8. Nc3 Qd7 9. d5 Bxf3 10. Bxf3 Ne5 11. dxe6 Qxd1 12. exf7+ Kxf7 13. Bxd1 Nbxc4 14. Bb3 Bc5 15. Kh1 b5 16. Nxb5 Kf6 17. f4 Nd3 18. Bxc4 Nf2+ 19. Rxf2 Bxf2 20. Bd2 c6 21. Bc3+ Kg6 22. Nd6 c5 23. Bf7+ 1-0

[Event "44th Chess Olympiad Open 2022"]
[Site "Chennai"]
[Date "2022.07.29"]
[Round "1.76"]
[White "Prasad, Rudr"]
[Black "Chinchilla Miranda, Eugenio"]
[Result "0-1"]
[WhiteElo "1566"]
[BlackElo "2206"]
[Annotator "RC"]
[PlyCount "102"]
[EventDate "2022.??.??"]
[TimeControl "60"]

1. c4 e6 2. g3 d5 3. Bg2 Nf6 4. d4 Bb4+ 5. Bd2 Bd6 6. Nf3 O-O 7. cxd5 exd5 8. O-O c6 9. Bg5 h6 10. Bxf6 Qxf6 11. Nc3 Re8 12. h3 Bf5 13. e3 Na6 14. a3 Nc7 15. b4 a5 16. Qb3 axb4 17. axb4 b5 18.
Ra5 Bxh3 19. Bxh3 Qxf3 20. Bg2 Qf6 21. Rfa1 Rad8 22. Ne2 h5 23. Qc3 h4 24. gxh4 Qxh4 25. Kf1 Re6 26. Ng1 Rg6 27. Nf3 Qh5 28. Ne1 Qh2 29. f4 Re8 30. R5a2 Qg3 31. Nf3 Rge6 32. Re1 Bxf4 33. Rae2 Bd6 34. Rc1 Rf6 35. Rf2 Qg4 36. Ne5 Bxe5 37. dxe5 Rxf2+ 38. Kxf2 Re6 39. Qd4 Qf5+ 40. Ke2 Rg6 41. Bf3 Ne6 42. Qh4 Qxe5 43. Rxc6 Nd4+ 44. Qxd4 Qh2+ 45. Kd3 Rxc6 46. Qa7 Qc2+ 47. Kd4 Qc4+ 48. Ke5 Re6+ 49. Kf5 Qh4 50. Qa8+ Kh7 51. Qxd5 g6# 0-1

[Event "44th Chess Olympiad Open 2022"]
[Site "Chennai"]
[Date "2022.07.29"]
[Round "1.76"]
[White "Nadan, Avinesh"]
[Black "Cabezas Solano, David Alejandro"]
[Result "*"]
[WhiteElo "1540"]
[BlackElo "2196"]
[Annotator "RC"]
[PlyCount "54"]
[EventDate "2022.??.??"]
[TimeControl "60"]

1. e4 c5 2. Nf3 Nc6 3. Bc4 e6 4. O-O Nf6 5. e5 Ng4 6. Re1 Qc7 7. Qe2 d6 8. exd6 Bxd6 9. h3 Nf6 10. Nc3 a6 11. a3 b5 12. Nd5 Qd8 13.
Nxf6+ gxf6 14. Bd5 Bb7 15. Qe4 Qc7 16. c3 O-O-O 17. Bxc6 Bxc6 18. Qe2 Rhg8 19. a4 Qb7 20. Kh1 Rxg2 21. Kxg2 Bxf3+ 22. Kf1 Bxe2+ 23. Kxe2 c4 24. axb5 axb5 25. f3 Rg8 26. d3 Rg2+ 27. Ke3 Bf4+ *

[Event "44th Chess Olympiad Open 2022"]
[Site "Chennai"]
[Date "2022.07.29"]
[Round "1.77"]
[White "Boudriga, Mohamed Ali"]
[Black "Young, Christopher"]
[Result "1-0"]
[WhiteElo "2308"]
[BlackElo "1990"]
[Annotator "RC"]
[PlyCount "59"]
[EventDate "2022.??.??"]
[TimeControl "60"]

1. Nf3 Nf6 2. g3 b6 3. Bg2 Bb7 4. O-O e6 5. b3 Be7 6. Bb2 O-O 7. c4 c5 8. Nc3 d6 9. d4 cxd4 10. Qxd4 Nc6 11. Qd2 Rc8 12. Rfd1 Qc7 13. Rac1 Qb8 14. e4 Rfd8 15. Qe2 Ne5 16. Nd4 Nc6 17. Nc2 Bf8 18. f4 Qa8 19. Rd2 Rd7 20. Rcd1 Rcd8 21. g4 e5 22. g5 Ne8 23. f5 Be7 24. Qg4 f6 25. h4 Kh8 26. Bf3 Nc7 27. Rg2 Rf8 28.
Bc1 a6 29. g6 b5 30. Qh5 1-0

[Event "44th Chess Olympiad Open 2022"]
[Site "Chennai"]
[Date "2022.07.29"]
[Round "1.77"]
[White "Bouzidi, Ahmed"]
[Black "Swaminathan, Laia"]
[Result "1-0"]
[WhiteElo "2148"]
[BlackElo "1460"]
[Annotator "NA"]
[PlyCount "53"]
[EventDate "2022.??.??"]
[TimeControl "60"]

1. e4 e5 2. Nf3 Nc6 3. Bb5 a6 4. Bxc6 dxc6 5. O-O Bd6 6.
d4 Bg4 7. dxe5 Bxf3 8. Qxf3 Bxe5 9. Nd2 Nf6 10. Nc4 Bd4 11.
Rd1 c5 12. c3 Bxf2+ 13. Kxf2 Qe7 14. e5 Nd7 15. Qf5 O-O-O 16. Bg5 f6 17. exf6 gxf6 18. Bf4 Qf7 19. Rd5 b6 20. Rad1 Rhe8 21.
Bxc7 Kxc7 22. Nd6 Qe7 23. Nxe8+ Qxe8 24. Qf4+ Kc8 25. Qd6 Qf7 26. Qc6+ Kb8 27. Rxd7 1-0

[Event "44th Chess Olympiad Open 2022"]
[Site "Chennai"]
[Date "2022.07.29"]
[Round "1.77"]
[White "Tracey, Shaun M"]
[Black "Amdouni, Zoubaier"]
[Result "0-1"]
[WhiteElo "1650"]
[BlackElo "2224"]
[Annotator "RC"]
[PlyCount "114"]
[EventDate "2022.??.??"]
[TimeControl "60"]

1. e4 e5 2. Nf3 Nc6 3. Bc4 Bc5 4. c3 d6 5. b4 Bb6 6. Qb3 Qe7 7. a4 a6 8. d3 Nf6 9. Bg5 h6 10. Bc1 a5 11. b5 Nb8 12. Nbd2 Nbd7 13. Nf1 Nc5 14. Qc2 Be6 15. Ne3 c6 16. Bxe6 Qxe6 17. Nf5 Kf8 18.
Rb1 Ncd7 19. Ba3 Bc5 20. Bxc5 Nxc5 21. c4 g6 22. Ne3 Kg7 23. O-O Rhc8 24. bxc6 bxc6 25. Rb6 Na6 26. Rb2 Nb4 27. Qd2 Nd7 28. Nc2 c5 29. Na3 Nb6 30. Qd1 Rf8 31. Nb5 Rac8 32. Ne1 f5 33. f3 Rf6 34. Rbf2 Rcf8 35. exf5 gxf5 36. Re2 Qe7 37. Qb3 Re6 38. Nc2 Kh7 39. Rfe1 Qh4 40. Ne3 Rg6 41. Nf1 Rfg8 42. Rd1 Nc8 43. Qc3 Ne7 44. Rdd2 f4 45. Qb2 Nf5 46. Nc3 Nd4 47. Rf2 Qh5 48. Kh1 Nxf3 49. Rd1 Nh4 50. Rdd2 Nxg2 51. Rxg2 Qf3 52. Kg1 Nxd3 53. Qc2 Ne1 54. Rxg6 Rxg6+ 55. Qxg6+ Kxg6 56.
Rxd6+ Kf7 57. Rd7+ Ke8 0-1

[Event "44th Chess Olympiad Open 2022"]
[Site "Chennai"]
[Date "2022.07.29"]
[Round "1.77"]
[White "Shaw, Clifford"]
[Black "Zaibi, Amir"]
[Result "0-1"]
[WhiteElo "1615"]
[BlackElo "2398"]
[Annotator "RC"]
[PlyCount "52"]
[EventDate "2022.??.??"]
[TimeControl "60"]

1. e4 c5 2. d4 cxd4 3. c3 dxc3 4. Nxc3 Nc6 5. Nf3 e6 6. Bc4 a6 7. O-O Nge7 8. Bg5 b5 9. Bxb5 f6 10. Bxc6 Nxc6 11. Bh4 Qa5 12. Rc1 Rb8 13. Qe2 Bd6 14. Rfd1 Bf4 15. Rb1 O-O 16. Bg3 Be5 17. Nxe5 fxe5 18. Qh5 Rb4 19. Bh4 Rd4 20. f3 Rxd1+ 21. Rxd1 Qb6+ 22. Bf2 Qxb2 23. Bc5 Rf7 24. Rd3 Qc1+ 25. Kf2 Qc2+ 26. Ke3 Na5 0-1

[Event "44th Chess Olympiad Open 2022"]
[Site "Chennai"]
[Date "2022.07.29"]
[Round "1.78"]
[White "Kigigha, Bomo"]
[Black "Mutabazi Hugues"]
[Result "1-0"]
[WhiteElo "2251"]
[BlackElo "1666"]
[Annotator "RC"]
[PlyCount "120"]
[EventDate "2022.??.??"]
[TimeControl "60"]

1. c4 e5 2. Nc3 Nf6 3. Nf3 Nc6 4. a3 d5 5. cxd5 Nxd5 6. Qc2 Be7 7. e3 Nxc3 8. dxc3 Bg4 9. Be2 Qd5 10. e4 Qe6 11. Be3 O-O 12. h3 Bxf3 13.
Bxf3 Na5 14. O-O Rfd8 15. Rad1 Qb3 16. Qxb3 Nxb3 17. Be2 Nc5 18. f3 Nb3 19. Kh2 Kf8 20. f4 Rxd1 21. Bxd1 exf4 22. Bxf4 Nc5 23. Bc2 Ne6 24. Bg3 Rd8 25. Bb3 Ke8 26. Bxe6 fxe6 27. Bxc7 Rd2 28. Rb1 Re2 29. e5 Kd7 30. Bb8 a6 31. Kg3 Kc8 32. Kf3 Rd2 33. Ba7 Kc7 34. Be3 Rc2 35. a4 b5 36. axb5 axb5 37. Bd4 Kc6 38.
g3 Bc5 39. Ke4 Re2+ 40. Kf3 Rh2 41. Ra1 Bxd4 42. cxd4 Kd5 43. Ra6 Rxb2 44. Rd6+ Kc4 45. d5 exd5 46. e6 Rb3+ 47. Kf4 g5+ 48.
Kf5 Kc5 49. Rd8 Re3 50. Kf6 Rf3+ 51. Kxg5 Rxg3+ 52. Kf4 Rg7 53. Ke5 Rg5+ 54. Kf6 Rg6+ 55. Kf7 Rg3 56. e7 Rf3+ 57. Kg7 Rg3+ 58. Kf6 Re3 59. e8=Q Re5 60. Qe6 Rxe6+ 1-0

[Event "44th Chess Olympiad Open 2022"]
[Site "Chennai"]
[Date "2022.07.29"]
[Round "1.78"]
[White "Okeke Issac"]
[Black "Muheto, Dieudonne"]
[Result "1-0"]
[WhiteElo "2204"]
[BlackElo "1830"]
[Annotator "RC"]
[PlyCount "77"]
[EventDate "2022.??.??"]
[TimeControl "60"]

1. e4 c5 2. Nf3 Nc6 3. d4 cxd4 4. Nxd4 Nf6 5. Nc3 e5 6.
Ndb5 d6 7. Bg5 a6 8. Na3 b5 9. Nd5 Be7 10. Bxf6 Bxf6 11. c3 Bg5 12. Nc2 O-O 13. Be2 f5 14. exf5 Bxf5 15. O-O Ne7 16. Ncb4 Ng6 17. a4 Nf4 18. axb5 axb5 19. Rxa8 Qxa8 20. Nxf4 Bxf4 21. Qxd6 Be4 22. Qe6+ Kh8 23. Qh3 Bf5 24. Bg4 Rf6 25. Bxf5 Rh6 26. Be4 Qd8 27. Qxh6 Bxh6 28. Ra1 Bc1 29. Ra8 Qxa8 30. Bd5 Qb7 31. Bxb7 Bxb2 32. Ba8 Kg8 33. Nd5 Kf7 34. Bc6 Ke6 35. Bxb5 h6 36. c4 Kd6 37. Kf1 Bd4 38. Ke2 g6 39. Ne3 1-0

[Event "44th Chess Olympiad Open 2022"]
[Site "Chennai"]
[Date "2022.07.29"]
[Round "1.78"]
[White "Elvis Havyarimana"]
[Black "Adebayo, Adegboyega"]
[Result "0-1"]
[WhiteElo "1724"]
[BlackElo "2313"]
[Annotator "RC"]
[PlyCount "50"]
[EventDate "2022.??.??"]
[TimeControl "60"]

1. d4 d5 2. e4 dxe4 3. Nc3 Nf6 4. f3 exf3 5. Nxf3 Bg4 6. h3 Bxf3 7. Qxf3 c6 8. Be3 e6 9. Bd3 Bb4 10. O-O Nbd7 11. Ne4 O-O 12. c3 Be7 13. Rf2 Nd5 14. Bd2 c5 15. c4 N5f6 16. Raf1 cxd4 17. Kh1 Ne5 18. Qg3 Ng6 19. Ng5 Qd6 20. Bf4 Nxf4 21. Rxf4 h6 22. Qh4 hxg5 23. Qxg5 e5 24. Rh4 e4 25. Rxf6 Bxf6 0-1

[Event "44th Chess Olympiad Open 2022"]
[Site "Chennai"]
[Date "2022.07.29"]
[Round "1.79"]
[White "Steil-Antoni, Fiona"]
[Black "Asante Debesai Zerabruk"]
[Result "1/2-1/2"]
[WhiteElo "2218"]
[BlackElo "1785"]
[Annotator "RC"]
[PlyCount "85"]
[EventDate "2022.??.??"]
[TimeControl "60"]

1. e4 c6 2. Ne2 d6 3. d4 Nf6 4. Nbc3 Nbd7 5. g3 e5 6. Bg2 Be7 7. O-O O-O 8. h3 Re8 9. Be3 Bf8 10. Qd2 b5 11. a3 Qc7 12. f4 Bb7 13.
dxe5 dxe5 14. f5 Bc5 15. Bxc5 Nxc5 16. Qe3 Qb6 17. Kh2 Na4 18. Qxb6 Nxb6 19. b3 Rad8 20. Rad1 a5 21. g4 h6 22. Rxd8 Rxd8 23. Rd1 Rxd1 24. Nxd1 b4 25. axb4 axb4 26. Nc1 c5 27. Nf2 c4 28. h4 Nfd7 29. bxc4 Nxc4 30. Ncd3 Ne3 31. Nxb4 Nc5 32. Nbd3 Nxd3 33. cxd3 Ba6 34. Kg3 Nxg2 35. Kxg2 f6 36. Kf3 Kf7 37. Ke3 g6 38. Nd1 h5 39. g5 gxf5 40. exf5 Bc8 41. Ke4 Bb7+ 42. Ke3 Bc8 43. Ke4 1/2-1/2

[Event "44th Chess Olympiad Open 2022"]
[Site "Chennai"]
[Date "2022.07.29"]
[Round "1.79"]
[White "Kibrom Weldegebriel Beraki"]
[Black "Berend, Elvira"]
[Result "0-1"]
[WhiteElo "1793"]
[BlackElo "2333"]
[Annotator "ChessBase"]
[PlyCount "94"]
[EventDate "2022.??.??"]
[TimeControl "60"]

1. d4 Nf6 2. c4 g6 3. Nc3 Bg7 4. e4 d6 5. Be2 O-O 6. Nf3 e5 7. d5 a5 8. Bg5 h6 9. Be3 Ng4 10. Bd2 f5 11. exf5 gxf5 12. h3 Nf6 13. Qc1 f4 14. g3 e4 15. Nh4 e3 16. fxe3 fxg3 17. Ng6 Nh7 18. Nxf8 Nxf8 19. Bf1 Ng6 20. Qd1 Qh4 21. Bg2 Ne5 22. Qe2 Bf5 23. e4 Bg6 24. O-O Bh5 25. Qe3 Nxc4 26. Qf4 Qxf4 27. Bxf4 Nxb2 28. Nb5 Na6 29. a4 Be2 30. Rfe1 Nd3 31. Bxg3 Nxe1 32. Rxe1 Bxb5 33. axb5 Nb4 34. b6 Bd4+ 35. Kh2 Bxb6 36. e5 Nd3 37. Re2 Nxe5 38. Bxe5 dxe5 39. Rxe5 Bc5 40. Re6 Bd6+ 41. Kg1 a4 42. Re2 b5 43. Be4 b4 44. Bd3 b3 45. Rg2+ Kh8 46. Bc4 Rb8 47.
Rb2 Rb4 0-1

[Event "44th Chess Olympiad Open 2022"]
[Site "Chennai"]
[Date "2022.07.29"]
[Round "1.79"]
[White "Samuel Merhawi Gebrehiwet"]
[Black "Gengler, Pierre"]
[Result "0-1"]
[WhiteElo "1616"]
[BlackElo "2194"]
[Annotator "NA"]
[PlyCount "70"]
[EventDate "2022.??.??"]
[TimeControl "60"]

1. Nf3 c5 2. c4 Nc6 3. g3 e6 4. Nc3 d5 5. cxd5 exd5 6. d4 cxd4 7. Nxd4 Bc5 8. Nb3 Bb4 9. Bg2 Nge7 10. O-O Be6 11. Nd4 Nxd4 12. Qxd4 Bxc3 13. bxc3 O-O 14. Rb1 b6 15. Ba3 Re8 16. Rfd1 Rc8 17. e4 Nc6 18. Qa4 Na5 19. exd5 Bf5 20. Rbc1 Nc4 21. d6 Qd7 22. Qa6 Na5 23. Bd5 Be4 24. c4 Bxd5 25. Rxd5 Re2 26. Rxa5 bxa5 27. c5 Rce8 28. c6 Re1+ 29. Rxe1 Rxe1+ 30. Kg2 Qf5 31. Qc4 Qb1 32. d7 Qd1 33. Qc5 h5 34. Qg5 f6 35. Qxh5 Rg1+ 0-1

[Event "44th Chess Olympiad Open 2022"]
[Site "Chennai"]
[Date "2022.07.29"]
[Round "1.80"]
[White "Lim, Zhuo Ren"]
[Black "Smith, Michael A"]
[Result "1-0"]
[WhiteElo "2318"]
[BlackElo "1840"]
[Annotator "RC"]
[PlyCount "45"]
[EventDate "2022.??.??"]
[TimeControl "60"]

1. d4 Nf6 2. c4 d6 3. Nf3 c5 4. dxc5 dxc5 5. Qxd8+ Kxd8 6. Nc3 e6 7. Ne5 Bd6 8. Nxf7+ Ke7 9. Nxh8 Nc6 10. Bg5 Bd7 11. O-O-O Be5 12. Nf7 Bxc3 13. bxc3 Kxf7 14. Bxf6 Be8 15. Bh4 Kg8 16. e3 a5 17. Be2 a4 18. Rd6 Bf7 19. Rhd1 h6 20. Rxc6 bxc6 21. Rd8+ Rxd8 22. Bxd8 Kf8 23. Kb2 1-0

[Event "44th Chess Olympiad Open 2022"]
[Site "Chennai"]
[Date "2022.07.29"]
[Round "1.80"]
[White "Tan, Jun Ying"]
[Black "Conhoff, David"]
[Result "1-0"]
[WhiteElo "2191"]
[BlackElo "1460"]
[Annotator "NA RC"]
[PlyCount "63"]
[EventDate "2022.??.??"]
[TimeControl "60"]

1. d4 d5 2. c4 e6 3. Nc3 Nf6 4. cxd5 exd5 5. Bg5 Bb4 6. e3 O-O 7. Bd3 b6 8. Bxf6 Qxf6 9. Qh5 h6 10. Qxd5 c6 11. Qf3 Nd7 12. Qxf6 Nxf6 13. a3 Bxc3+ 14. bxc3 Be6 15. Ne2 Rab8 16. e4 b5 17. f3 Bc4 18.
Kd2 Nd7 19. Bxc4 bxc4 20. Rhb1 g5 21. Kc2 Rb5 22. a4 Rb6 23.
a5 Rb5 24. Rxb5 cxb5 25. a6 Rb8 26. Ra5 Rb6 27. d5 Nb8 28.
Nd4 Nxa6 29. Nxb5 Nc5 30. Na3 a6 31. Rxc5 Rb5 32. Nxb5 1-0

[Event "44th Chess Olympiad Open 2022"]
[Site "Chennai"]
[Date "2022.07.29"]
[Round "1.80"]
[White "Hair, Justin M"]
[Black "Wong, Yinn Long"]
[Result "0-1"]
[WhiteElo "1505"]
[BlackElo "2381"]
[Annotator "RC"]
[PlyCount "80"]
[EventDate "2022.??.??"]
[TimeControl "60"]

1. e4 e6 2. Nf3 d5 3. e5 c5 4. c3 Nc6 5. d4 Qb6 6. Be2 cxd4 7. cxd4 Nh6 8.
Nbd2 Nf5 9. Nb3 a5 10. Be3 a4 11. Nc5 Nxe3 12. fxe3 Bxc5 13. dxc5 Qxc5 14. Qd2 Qb4 15. Qxb4 Nxb4 16. O-O Bd7 17. a3 Nc6 18. Ng5 Nxe5 19. Rac1 Bc6 20. Rf4 Ke7 21. Rcf1 f6 22. Nf3 Nxf3+ 23. R4xf3 Rac8 24. g4 Be8 25. R3f2 Rc2 26. Bd1 Rxf2 27. Rxf2 Bd7 28. Rc2 Kd6 29. Kf2 b5 30. Bf3 Rc8 31. Rd2 Ke7 32. e4 dxe4 33. Bxe4 g6 34. Kg3 b4 35. Bd3 bxa3 36. bxa3 Rc3 37. Kf2 Rxa3 38. Ke2 e5 39. Rc2 Bxg4+ 40. Kd2 Rxd3+ 0-1

[Event "44th Chess Olympiad Open 2022"]
[Site "Chennai"]
[Date "2022.07.29"]
[Round "1.80"]
[White "Bansal, Nayan"]
[Black "Poh, Yu Tian"]
[Result "0-1"]
[WhiteElo "1444"]
[BlackElo "2118"]
[Annotator "NA"]
[PlyCount "46"]
[EventDate "2022.??.??"]
[TimeControl "60"]

1. f4 Nf6 2. Nf3 c5 3. c4 d5 4. cxd5 Nxd5 5. d3 Nc6 6. e4 Nc7 7. Nc3 Bg4 8. Be2 e6 9. O-O Be7 10. Be3 O-O 11. d4 Bxf3 12. Rxf3 cxd4 13. Qd2 dxe3 14. Qxe3 Nd4 15. Bd3 Nxf3+ 16. Qxf3 e5 17. Rd1 Bc5+ 18. Kh1 Qf6 19. f5 Rfd8 20. Rc1 Qg5 21. Ne2 Qe3 22. Qxe3 Bxe3 23. Rd1 Na6 0-1

[Event "44th Chess Olympiad Open 2022"]
[Site "Chennai"]
[Date "2022.07.29"]
[Round "1.81"]
[White "Fathi Robleh Chireh"]
[Black "Bibby, Simon"]
[Result "0-1"]
[WhiteElo "1779"]
[BlackElo "2147"]
[Annotator "NA RC"]
[PlyCount "84"]
[EventDate "2022.??.??"]
[TimeControl "60"]

1. e4 c5 2. Nc3 Nc6 3. Nf3 d6 4. Bb5 e5 5. h3 f5 6. exf5 Bxf5 7. d3 Nf6 8. Bg5 Be7 9. Qe2 O-O 10. Be3 Nd4 11. Qd1 Kh8 12. g4 Nxb5 13.
Nxb5 Nxg4 14. Qd2 Nxe3 15. Qxe3 Bd7 16. Nc3 Bc6 17. Ne4 d5 18. Ned2 e4 19. Ne5 d4 20. Qg3 Bh4 21. Nxc6 bxc6 22. Qg4 Rxf2 23. O-O-O exd3 24. cxd3 Bg5 25. Rhg1 Bh6 26.
Rg2 Rxg2 27. Qxg2 Qd5 28. Qxd5 cxd5 29. Kc2 Bxd2 30. Kxd2 Kg8 31. Rc1 Rc8 32. b4 c4 33. dxc4 dxc4 34. Re1 Kf7 35. a4 Kf6 36. Re4 c3+ 37. Kd1 Rc4 38. Rf4+ Ke6 39. Re4+ Kd6 40. Rh4 Rxb4 41. Rxh7 d3 42. Kc1 d2+ 0-1

[Event "44th Chess Olympiad Open 2022"]
[Site "Chennai"]
[Date "2022.07.29"]
[Round "1.81"]
[White "Mohamed Ali Djama"]
[Black "Tran, Thanh Tu"]
[Result "0-1"]
[WhiteElo "1629"]
[BlackElo "2375"]
[Annotator "RC"]
[PlyCount "56"]
[EventDate "2022.??.??"]
[TimeControl "60"]

1. e4 Nc6 2. d4 d6 3. Nc3 g6 4. Be3 Bg7 5. Bb5 a6 6. Ba4 b5 7. Bb3 Nf6 8. f3 O-O 9. Nge2 e5 10. Qd2 exd4 11. Nxd4 Nxd4 12. Bxd4 c5 13. Bxf6 Qxf6 14. Bd5 Rb8 15. O-O Bd7 16. Rab1 a5 17. Ne2 a4 18. Rfd1 h5 19. b4 h4 20. Qf4 Qe7 21. bxc5 dxc5 22. Kh1 Rbd8 23. Rg1 Be6 24. Bxe6 Qxe6 25. Qxh4 Qxa2 26. Rxb5 Qc4 27. Nf4 Qxb5 28.
Nd5 Rxd5 0-1

[Event "44th Chess Olympiad Open 2022"]
[Site "Chennai"]
[Date "2022.07.29"]
[Round "1.82"]
[White "Kourakoumba, Florent"]
[Black "Al-Zendani, Zendan"]
[Result "0-1"]
[WhiteElo "1677"]
[BlackElo "2284"]
[Annotator "NA RC"]
[PlyCount "74"]
[EventDate "2022.??.??"]
[TimeControl "60"]

1. e4 c5 2. c3 Nf6 3. Bd3 Nc6 4. Nf3 g6 5. O-O Bg7 6. Bc2 O-O 7. Na3 d6 8. d3 Rb8 9. Nc4 b5 10. Ne3 e5 11. Bd2 Be6 12. Qc1 Nh5 13. Nd1 Bg4 14. Ne1 Be2 15. Bh6 Bxf1 16. Kxf1 d5 17. exd5 Qxd5 18. Nf3 Rfe8 19. Ne3 Bxh6 20. Nxd5 Bxc1 21. Rxc1 Red8 22. c4 bxc4 23.
dxc4 Rxb2 24. Bb3 Kg7 25. g3 Nf6 26. Ne1 e4 27. Nc2 Ne5 28.
Ke2 Nxd5 29. cxd5 c4 30. Ba4 Rxa2 31. Bc6 Nd3 32. Ra1 Rxc2+ 33. Ke3 Nb4 34. Rxa7 Nxd5+ 35. Bxd5 Rxd5 36. Kxe4 Rd3 37. f4 Re2# 0-1

[Event "44th Chess Olympiad Open 2022"]
[Site "Chennai"]
[Date "2022.07.29"]
[Round "1.83"]
[White "Galvez Dastin, Eduardo"]
[Black "Ramachandran, R..."]
[Result "1-0"]
[WhiteElo "2152"]
[BlackElo "1994"]
[Annotator "NA RC"]
[PlyCount "61"]
[EventDate "2022.??.??"]
[TimeControl "60"]

1. d4 c6 2. c4 e6 3. e4 d6 4. Nc3 g6 5. f4 Bd7 6. Nf3 Bg7 7. Be3 Ne7 8. Be2 O-O 9. Qb3 Qc8 10. Qa3 Qc7 11. Bf2 f5 12. e5 Nc8 13. O-O d5 14. Rac1 Nb6 15.
cxd5 exd5 16. Nb5 Qd8 17. Nd6 Bc8 18. Qb3 N8d7 19. Bh4 Qc7 20.
Be7 Bh8 21. Nb5 Qb8 22. Bd6 cxb5 23. Bxb8 Rxb8 24. Bxb5 a6 25. Rxc8 Rbxc8 26. Bxd7 Rcd8 27. Be6+ Kg7 28. Qxb6 Rb8 29. Qc7+ Kh6 30. Ng5 Bg7 31. Rf3 1-0

[Event "44th Chess Olympiad Open 2022"]
[Site "Chennai"]
[Date "2022.07.29"]
[Round "1.83"]
[White "Pillay, Ragul"]
[Black "Lorenzana, Wilson Estuardo"]
[Result "0-1"]
[WhiteElo "1341"]
[BlackElo "2182"]
[Annotator "NA RC"]
[PlyCount "60"]
[EventDate "2022.??.??"]
[TimeControl "60"]

1. d4 Nf6 2. c4 g6 3. Nc3 Bg7 4. e4 O-O 5. e5 Ne8 6. Nf3 d6 7. Bf4 Nc6 8. h3 dxe5 9. dxe5 Be6 10. Be2 f6 11. exf6 exf6 12. O-O Rf7 13. Qb3 Qc8 14. Nd5 b6 15. Qe3 Bf8 16. Rad1 Ne7 17. Nxc7 Nxc7 18. Bxc7 Nf5 19. Qf4 Qxc7 20. Qe4 Re8 21. g4 Ng7 22. Nd4 Bc8 23. Qc2 Bc5 24. Nf3 Qg3+ 25. Kh1 Qxh3+ 26. Nh2 Bb7+ 27. f3 Ne6 28. Bd3 Nf4 29. Be4 Rfe7 30. Qd2 Rxe4 0-1

[Event "44th Chess Olympiad Open 2022"]
[Site "Chennai"]
[Date "2022.07.29"]
[Round "1.84"]
[White "Escalante Ramirez, Brian Sebasti"]
[Black "Ramos Espinoza, Efren Andres"]
[Result "0-1"]
[WhiteElo "2496"]
[BlackElo "2158"]
[Annotator "ChessBase"]
[PlyCount "86"]
[EventDate "2022.??.??"]
[TimeControl "60"]

1. c4 c6 2. Nc3 d5 3. cxd5 cxd5 4. d4 Nc6 5. g3 Nf6 6. Bg2 Bf5 7. a3 e6 8. Nf3 h6 9. O-O Bd6 10. Re1 O-O 11. b4 Rc8 12. Bb2 Qd7 13.
Rc1 Ne4 14. Nd2 Nxc3 15. Bxc3 Bg4 16. Nf3 f5 17. e3 Rc7 18. Qd3 Rfc8 19. Bd2 Qe8 20. h3 Bh5 21. Rc3 Bg6 22. Nh4 Bh7 23.
f4 g5 24. Nf3 Rg7 25. Rec1 Rd8 26. Ne1 Kh8 27. Kh1 Qh5 28. Qf1 Rdg8 29. Bf3 g4 30. Bxd5 exd5 31. h4 Qe8 32. Qb5 Qe4+ 33. Kh2 Bg6 34. Qd3 Re8 35. Rb3 Kh7 36. Qxe4 dxe4 37. Bc3 Rc7 38. Bb2 Rec8 39. Rbc3 Bf7 40. Kg2 Ne7 41. Rxc7 Rxc7 42. Rxc7 Bxc7 43. Kf2 Bc4 0-1

[Event "44th Chess Olympiad Open 2022"]
[Site "Chennai"]
[Date "2022.07.29"]
[Round "1.84"]
[White "Tapia Ostolaza, Alexei"]
[Black "Enemchukwu Chinedu Benjamin"]
[Result "1-0"]
[WhiteElo "2201"]
[BlackElo "1889"]
[Annotator "ChessBase"]
[PlyCount "103"]
[EventDate "2022.??.??"]
[TimeControl "60"]

1. Nf3 d5 2. g3 c5 3. Bg2 Nc6 4. d4 Nf6 5. O-O cxd4 6. Nxd4 e6 7. c4 Be7 8. Nc3 O-O 9. cxd5 exd5 10. Bf4 a6 11. Rc1 Be6 12. Nxc6 bxc6 13. Na4 Rc8 14. Nc5 Bxc5 15. Rxc5 Qb6 16. Qc1 Nd7 17. Rc2 c5 18. Rd1 d4 19. Rxd4 cxd4 20. Rxc8 Rxc8 21. Qxc8+ Nf8 22. Qa8 Bxa2 23. Bc6 Qc5 24. Qxa6 Bc4 25. Bd6 Bxa6 26. Bxc5 Ne6 27. Bb6 Bxe2 28. f4 g6 29. Bd5 d3 30. Kf2 Kf8 31. Ke3 Ke7 32. Be4 Kd6 33.
b4 f5 34. Bb7 Bf1 35. Bc8 Kd5 36. Kd2 Kd6 37. Ba6 Kd5 38. Bxd3 Bxd3 39. Kxd3 Kc6 40. Be3 Kb5 41. Bd2 Kc6 42. Kc4 Nc7 43. Be3 Ne6 44. b5+ Kd6 45. Bd2 Nd8 46. Bb4+ Ke6 47. Kc5 Kd7 48. Kd5 Nf7 49. b6 h6 50. b7 Kc7 51. Ke6 Nd8+ 52. Kf6 1-0

[Event "44th Chess Olympiad Open 2022"]
[Site "Chennai"]
[Date "2022.07.29"]
[Round "1.85"]
[White "Salih, Akar Ali Salih"]
[Black "Bridet, Robert"]
[Result "1-0"]
[WhiteElo "2243"]
[BlackElo "1497"]
[Annotator "RC"]
[PlyCount "55"]
[EventDate "2022.??.??"]
[TimeControl "60"]

1. e4 e5 2. Nf3 Nc6 3. Bc4 Bc5 4. O-O Nf6 5. d4 Bxd4 6.
Nxd4 Nxd4 7. Bg5 h6 8. Bh4 d6 9. f4 Be6 10. Na3 Nc6 11. Bb5 exf4 12. Rxf4 g5 13. Qd4 gxh4 14. Bxc6+ bxc6 15. Rxf6 Rg8 16.
Raf1 Qd7 17. Nc4 c5 18. Qd3 Rg4 19. Ne3 Rg5 20. Nd5 O-O-O 21. Qa6+ Kb8 22. R1f3 c4 23. Qxc4 c6 24. Qb4+ Ka8 25. Nb6+ axb6 26. Qxb6 Rxg2+ 27. Kxg2 Rg8+ 28. Kf2 1-0

[Event "44th Chess Olympiad Open 2022"]
[Site "Chennai"]
[Date "2022.07.29"]
[Round "1.85"]
[White "Rabeea, Sabah Nori"]
[Black "Thomas, Larry"]
[Result "1-0"]
[WhiteElo "2122"]
[BlackElo "1317"]
[Annotator "NA"]
[PlyCount "60"]
[EventDate "2022.??.??"]
[TimeControl "60"]

1. d4 Nf6 2. Nf3 g6 3. c4 d6 4. Nc3 Bg7 5. e4 Bg4 6. Be2 c6 7. Be3 Qc7 8. e5 Nfd7 9. exd6 exd6 10. h3 Bxf3 11. Bxf3 Nf6 12. Qd2 Nbd7 13. Bf4 O-O 14. O-O-O Rfe8 15. h4 h5 16. Rdg1 Re6 17. c5 Ne8 18. g4 Qa5 19. gxh5 dxc5 20. d5 Bxc3 21. bxc3 Qa3+ 22. Kb1 cxd5 23. Bxd5 Rb6+ 24. Ka1 Ndf6 25. Rxg6+ Kh7 26.
Rh6+ Kg8 27. Rg1+ Ng7 28. Be5 Qa6 29. Qg5 Rb1+ 30. Kxb1 Qd3+ 1-0

[Event "44th Chess Olympiad Open 2022"]
[Site "Chennai"]
[Date "2022.07.29"]
[Round "1.86"]
[White "Khusenkhojaev, Muhammad"]
[Black "Christopher, Art"]
[Result "1-0"]
[WhiteElo "2397"]
[BlackElo "1616"]
[Annotator "RC"]
[PlyCount "65"]
[EventDate "2022.??.??"]
[TimeControl "60"]

1. Nf3 d5 2. d4 e6 3. c4 c5 4. cxd5 exd5 5. g3 Nf6 6. Bg2 Nc6 7. O-O c4 8. Ne5 Be6 9. Nc3 Qc7 10. Bf4 Qb6 11. Nxc6 Qxc6 12. b3 Bb4 13. Rc1 b5 14. Be5 Bxc3 15. Rxc3 Rg8 16. bxc4 bxc4 17. Bxf6 gxf6 18. Qb1 Kd7 19. e4 Rab8 20. exd5 Bxd5 21. Qf5+ Qe6 22. Qxd5+ Qxd5 23. Bxd5 Ke7 24. Re1+ Kf8 25. Rxc4 Kg7 26. Rc7 Rgf8 27. Ree7 Rbe8 28. Rxe8 Rxe8 29. Rxf7+ Kh6 30. Rxf6+ Kg5 31.
Rf7 Rd8 32. Bb3 Rxd4 33. Rxa7 1-0